 Dungeon Crawl Stone Soup version 0.26-a0-200-g62faa89a7e (console) character file.

Game seed: 951704053552624174

4971 Garrluk the Unseen (level 10, -8/44 HPs)
             Began as a Spriggan Earth Elementalist on July 5, 2020.
             Was a Priest of Dithmenos.
             Mangled by a komodo dragon (31 damage)
             ... on level 1 of the Lair of Beasts.
             The game lasted 00:46:34 (7091 turns).

Garrluk the Unseen (Spriggan Earth Elementalist)    Turns: 7091, Time: 00:46:35

Health: -8/44      AC:  5    Str:  4    XL:     10   Next: 28%
Magic:  8/16       EV: 22    Int: 20    God:    Dithmenos [***...]
Gold:   146        SH:  0    Dex: 17    Spells: 12/16 levels left

rFire    . . .     SeeInvis +   u - +4 dagger (freeze)
rCold    . . .     Faith    .   (shield restricted)
rNeg     . . .     Spirit   .   F - +0 steam dragon scales
rPois    .         Reflect  .   (helmet restricted)
rElec    .         Harm     .   (no cloak)
rCorr    .                      (gloves unavailable)
MR       +....                  (boots unavailable)
Stlth    +++++++++.             (no amulet)
HPRegen  0.14/turn              i - +4 ring of evasion
MPRegen  0.15/turn              j - ring of flight

@: wreathed by umbra, studying Slings, very quick
A: very small, unfitting armour, see invisible, herbivore, speed 3, slow
metabolism 2
a: Shadow Step, Renounce Religion, Evoke Flight


You were on level 1 of the Lair of Beasts.
You worshipped Dithmenos.
Dithmenos was most pleased with you.
You were not hungry.

You visited 3 branches of the dungeon, and saw 11 of its levels.

You collected 274 gold pieces.
You spent 128 gold pieces at shops.

Notes
Turn   | Place    | Note
-------+----------+-------------------------------------------
     0 | D:1      | Garrluk the Spriggan Earth Elementalist began the quest for
                  | the Orb.
     0 | D:1      | Reached XP level 1. HP: 9/9 MP: 5/5
   179 | D:1      | Reached XP level 2. HP: 9/13 MP: 4/7
   758 | D:1      | Reached XP level 3. HP: 15/16 MP: 3/8
   901 | D:2      | Learned a level 3 spell: Stone Arrow
  1586 | D:3      | Reached skill level 4 in Stealth
  1675 | D:2      | Reached XP level 4. HP: 21/21 MP: 7/10
  2161 | D:4      | Reached skill level 1 in Short Blades
  2175 | D:4      | Found a staircase to the Ecumenical Temple.
  2186 | Temple   | Entered the Ecumenical Temple
  2250 | Temple   | Became a worshipper of Dithmenos the Shadowed
  2308 | D:4      | Reached skill level 5 in Stealth
  2308 | D:4      | Reached XP level 5. HP: 24/24 MP: 6/11
  2531 | D:4      | Noticed a centaur
  2664 | D:4      | Found a glowing silver altar of Zin.
  2719 | D:5      | Entered Level 5 of the Dungeon
  2721 | D:5      | Noticed a centaur
  2726 | D:5      | Noticed Ijyb
  2751 | D:4      | Reached skill level 6 in Stealth
  2980 | D:4      | Reached XP level 6. HP: 28/28 MP: 5/12
  3048 | D:4      | Reached skill level 7 in Stealth
  3129 | D:5      | Noticed Sigmund
  3135 | D:5      | Killed Sigmund
  3135 | D:5      | Reached skill level 8 in Stealth
  3135 | D:5      | Reached XP level 7. HP: 32/32 MP: 13/13
  3250 | D:5      | Reached skill level 5 in Short Blades
  3270 | D:5      | Reached * piety under Dithmenos
  3275 | D:5      | Noticed Edmund
  3331 | D:4      | Killed Ijyb
  3577 | D:6      | Reached skill level 9 in Stealth
  4173 | D:7      | Reached skill level 10 in Stealth
  4173 | D:7      | Reached XP level 8. HP: 36/36 MP: 11/14
  4194 | D:7      | Noticed Maggie
  4200 | D:7      | Killed Maggie
  4200 | D:7      | Reached skill level 11 in Stealth
  4444 | D:7      | Reached ** piety under Dithmenos
  4452 | D:7      | Found Tozookuh's Weapon Boutique.
  4547 | D:7      | Noticed a hippogriff
  4642 | D:6      | Reached skill level 12 in Stealth
  4790 | D:5      | Reached XP level 9. HP: 39/39 MP: 7/15
  5056 | D:7      | Noticed a brown ugly thing
  5057 | D:7      | Noticed a gargoyle
  5058 | D:7      | Killed a brown ugly thing
  5058 | D:7      | Reached skill level 13 in Stealth
  5067 | D:7      | Killed a gargoyle
  5161 | D:7      | Reached skill level 14 in Stealth
  5291 | D:7      | Reached skill level 10 in Short Blades
  5628 | D:8      | Reached *** piety under Dithmenos
  5741 | D:8      | Found Cimu's Assorted Antiques.
  5753 | D:8      | Bought a gold wand for 128 gold pieces
  6072 | D:8      | Reached XP level 10. HP: 30/44 MP: 12/16
  6308 | D:9      | Reached skill level 15 in Stealth
  6386 | D:9      | Found a staircase to the Lair.
  6386 | D:9      | Noticed a death yak
  6386 | D:9      | Noticed a death yak
  6386 | D:9      | Noticed a death yak
  6476 | Lair:1   | Entered Level 1 of the Lair of Beasts
  6479 | Lair:1   | Noticed a cane toad
  6487 | Lair:1   | Killed a cane toad
  7091 | Lair:1   | Mangled by a komodo dragon

Inventory:

Hand Weapons
 a - a +1 dagger of protection
   (You took it off an orc on level 4 of the Dungeon)
 s - a +0 rapier
   (You found it on level 3 of the Dungeon)
 u - a +4 dagger of freezing (weapon)
   (You took it off a wight on level 7 of the Dungeon)
Missiles
 v - 40 stones
 C - 2 poisoned darts (quivered)
Armour
 c - a +0 robe
 F - +0 steam dragon scales (worn)
   (You took it off Maggie on level 7 of the Dungeon)
Jewellery
 i - a +4 ring of evasion (left hand)
   (You found it on level 1 of the Dungeon)
 j - a ring of flight (right hand)
   (You found it on level 2 of the Dungeon)
Wands
 A - a wand of disintegration (10)
   (You found it on level 6 of the Dungeon)
 E - a wand of flame (9)
   (You took it off Maggie on level 7 of the Dungeon)
Scrolls
 g - 4 scrolls of remove curse
 h - 2 scrolls of teleportation
 k - 7 scrolls of identify {unknown}
 m - a scroll of immolation {unknown}
 o - 2 scrolls of enchant weapon {unknown}
 p - 2 scrolls of fear {unknown}
 r - 2 scrolls of amnesia {unknown}
 y - 3 scrolls of enchant armour {unknown}
 B - 2 scrolls of fog {unknown}
Potions
 b - a potion of degeneration {unknown}
 e - a potion of might {unknown}
 f - 4 potions of curing
 l - a potion of haste {unknown}
 n - a potion of heal wounds {unknown}
 q - a potion of stabbing {unknown}
 t - a potion of lignification {unknown}
 w - a potion of ambrosia
 x - 2 potions of berserk rage {unknown}
 D - a potion of magic {unknown}
 G - 2 potions of invisibility {unknown}
Books
 H - a manual of Slings
   (You found it on level 7 of the Dungeon)
Comestibles
 d - 18 rations

Table legend:
 A = Turns spent in this place as a percentage of turns spent in the entire game.
 B = Non-inter-level travel turns spent in this place as a percentage of non-inter-level travel turns spent in the entire game.
 C = Inter-level travel turns spent in this place as a percentage of turns spent in this place.
 D = Turns resting spent in this place as a percentage of non-inter-level travel turns spent in this place.
 E = Turns spent auto-exploring this place as a percentage of non-inter-level travel turns spent in this place.
 F = Non-inter-level travel turns spent in this place divided by the number of levels of this place that you've seen.
                   A       B       C       D       E      F
               +-------+-------+-------+-------+-------+----------------------
         Total | 100.0 | 100.0 |   6.0 |   7.5 |   3.1 | 606.3
       Dungeon |  90.3 |  89.8 |   6.4 |   6.3 |   3.4 | 665.7
        Temple |   1.0 |   0.9 |  12.5 |   0.0 |   0.0 |  63.0
          Lair |   8.7 |   9.2 |   0.0 |  19.8 |   0.0 | 615.0
               +-------+-------+-------+-------+-------+----------------------


   Skills:
 * Level 11.1 Short Blades
 - Level 3.0 Dodging
 * Level 15.5 Stealth
 - Level 3.5 Spellcasting
   Level 1.3 Transmutations
 - Level 3.7 Earth Magic


You had 12 spell levels left.
You knew the following spells:

 Your Spells              Type           Power        Failure   Level  Hunger
a - Sandblast             Erth           ###...       2%          1    None
A - Stone Arrow           Conj/Erth      ##....       19%         3    ###....

Your spell library contained the following spells:

 Spells                   Type           Power        Failure   Level  Hunger
 Passwall                 Tmut/Erth      ##......     7%          2    ##.....
 Beastly Appendage        Tmut           #.....       8%          1    None
 Sticks to Snakes         Tmut           #.......     12%         2    ##.....
 Animate Skeleton         Necr           N/A          14%         1    None
 Pain                     Necr           #...         14%         1    None
 Spider Form              Tmut/Pois      #.........   30%         3    ###....
 Vampiric Draining        Necr           #.........   38%         3    ###....
 Petrify                  Tmut/Erth      ##......     43%         4    ####...
 Lee's Rapid Deconstruct  Erth           ###.......   61%         5    ######.
 Ice Form                 Ice/Tmut       #.......     71%         4    ####...
 Animate Dead             Necr           N/A          80%         4    ####...
 Blade Hands              Tmut           #.........   91%         5    ######.
 Agony                    Necr           #.......     98%         5    ######.


Dungeon Overview and Level Annotations

Branches:
Dungeon (9/15)             Temple (1/1) D:4            Lair (1/6) D:9
    Orc: D:9-12

Altars:
Ashenzari
Cheibriados
Dithmenos
Elyvilon
Fedhas
Gozag
Hepliaklqana
Kikubaaqudgha
Makhleb
Nemelex Xobeh
Okawaru
Qazlal
Ru
Sif Muna
Trog
Uskayaw
Vehumet
Wu Jian
Xom
Yredelemnul
Zin
The Shining One

Shops:
D:7 (   D:8 *

Annotations:
D:5 Edmund


Innate Abilities, Weirdness & Mutations

You are very small and have problems with some larger weapons.
You are too small for most types of armour.
You have supernaturally acute eyesight. (SInv)
You are a herbivore.
You cover ground extremely quickly.
You need to consume almost no food.


Message History

C - 4 poisoned darts (gained 1) Throwing (i - inventory. (/) - cycle)
C - 4 poisoned darts (quivered)
Press: ? - help, Shift-Dir - straight line, f/p - death yak
Aim: a death yak (heavily wounded, umbra)
You throw a poisoned dart.
The poisoned dart barely misses the death yak.
You see here a stone.
Throwing (i - inventory. (/) - cycle)
C - 3 poisoned darts (quivered)
Press: ? - help, Shift-Dir - straight line, f/p - death yak
Aim: a death yak (heavily wounded, umbra)
You throw a poisoned dart. The poisoned dart hits the death yak.
The death yak is heavily wounded.
The komodo dragon hisses angrily.
You hit the komodo dragon but do no damage.
The komodo dragon is moderately wounded.
The komodo dragon bites you.
You see here a poisoned dart.
The komodo dragon bites you!!
Ouch! That really hurt!
You die...

#8.8.8#...########..##
#.....#.(.# ##..#
##.8.##...## #...
#####...Y.## ##.Y
#...#.#..## ##.
#..#####..#### ## #..#
##(.#.# #..#
##(.####### #l(#
##....#.#.# #.@#
##.##....... #.(#
##(####....#.
##.####.## ###.###
#..##.## ### ##...##
###.# ###


You could see a komodo dragon.

Table legend:
 A = Kills in this place as a percentage of kills in entire the game.
 B = Kills by you in this place as a percentage of kills by you in the entire game.
 C = Kills by friends in this place as a percentage of kills by friends in the entire game.
 D = Other kills in this place as a percentage of other kills in the entire game.
 E = Experience gained in this place as a percentage of experience gained in the entire game.
 F = Experience gained in this place divided by the number of levels of this place that you have seen.
                   A       B       C       D       E      F
               +-------+-------+-------+-------+-------+----------------------
         Total | 100.0 | 100.0 |   N/A |   N/A | 100.0 | 645.6
       Dungeon |  96.7 |  96.7 |   N/A |   N/A |  83.4 | 658.4
          Lair |   3.3 |   3.3 |   N/A |   N/A |  16.6 | 1176.0
               +-------+-------+-------+-------+-------+----------------------

Vanquished Creatures
  Monster Symbol All '5'
  A quasit (D:6)
  2 shadow imps (D:8)
  4 white imps
  4 ufetubi
11 creatures vanquished. All '9' A gargoyle (D:7)
1 creature vanquished. All '@' Maggie (D:7) Sigmund (D:5)
2 creatures vanquished. All 'F' A cane toad (Lair:1) 6 bullfrogs
7 creatures vanquished. All 'H' 3 hippogriffs
3 creatures vanquished. All 'J' A jelly (D:7)
1 creature vanquished. All 'K' A big kobold (D:8) 11 kobolds
12 creatures vanquished. All 'O' 3 ogres
3 creatures vanquished. All 'S' 4 adders
4 creatures vanquished. All 'Y' 2 ice beasts
2 creatures vanquished. All 'Z' A bullfrog zombie (D:5) 2 bullfrog skeletons 3 centaur skeletons A killer bee zombie (D:7) A hound zombie (D:7) A hound skeleton (D:7) A worker ant zombie (D:8) 3 adder zombies An adder skeleton (D:6) A jackal skeleton (D:5) A leopard gecko skeleton (D:8) 2 quokka skeletons
18 creatures vanquished. All 'a' 4 worker ants
4 creatures vanquished. All 'b' 2 bats (D:1)
2 creatures vanquished. All 'c' 4 centaurs
4 creatures vanquished. All 'g' A gnoll sergeant (D:6) Ijyb (D:4) 18 gnolls 5 goblins 4 hobgoblins
29 creatures vanquished. All 'h' A black bear (D:8) 2 howler monkeys 3 hounds
6 creatures vanquished. All 'l' A leopard gecko (D:1) 6 frilled lizards
7 creatures vanquished. All 'n' A necrophage (D:8)
1 creature vanquished. All 'o' An orc warrior (D:7) 2 orc priests (D:5) 5 orc wizards 24 orcs
32 creatures vanquished. All 'r' A porcupine (Lair:1) A river rat (D:8) 4 quokkas 5 rats
11 creatures vanquished. All 's' A scorpion (D:7) 10 giant cockroaches
11 creatures vanquished. All 'u' An ugly thing (D:7)
1 creature vanquished. All 'w' 4 dart slugs A worm (D:5)
5 creatures vanquished. All 'y' 4 killer bees (D:7)
4 creatures vanquished. All 'z' A wight (D:7)
1 creature vanquished.
182 creatures vanquished. Monster Nature Uniques Maggie (D:7) Sigmund (D:5) Ijyb (D:4)
3 creatures vanquished. Natural Monsters An ugly thing (D:7) A cane toad (Lair:1) 3 hippogriffs A porcupine (Lair:1) A black bear (D:8) 2 ice beasts An orc warrior (D:7) 3 ogres 4 centaurs A big kobold (D:8) A gnoll sergeant (D:6) 6 bullfrogs A scorpion (D:7) 4 killer bees (D:7) 2 howler monkeys 3 hounds 2 orc priests (D:5) A jelly (D:7) 5 orc wizards 4 worker ants 18 gnolls 4 adders A river rat (D:8) 4 dart slugs A worm (D:5) A leopard gecko (D:1) 24 orcs 10 giant cockroaches 5 goblins 4 hobgoblins 11 kobolds 4 quokkas 2 bats (D:1) 6 frilled lizards 5 rats
147 creatures vanquished. Non-Living Monsters A gargoyle (D:7)
1 creature vanquished. Undead Monsters A necrophage (D:8) A wight (D:7) A bullfrog zombie (D:5) 2 bullfrog skeletons 3 centaur skeletons A killer bee zombie (D:7) A hound zombie (D:7) A hound skeleton (D:7) A worker ant zombie (D:8) 3 adder zombies An adder skeleton (D:6) A jackal skeleton (D:5) A leopard gecko skeleton (D:8) 2 quokka skeletons
20 creatures vanquished. Demonic Monsters A quasit (D:6) 2 shadow imps (D:8) 4 white imps 4 ufetubi
11 creatures vanquished.
182 creatures vanquished. Ascending Order An ugly thing (D:7) A gargoyle (D:7) Maggie (D:7) A cane toad (Lair:1) Sigmund (D:5) A porcupine (Lair:1) A black bear (D:8) A necrophage (D:8) An orc warrior (D:7) A big kobold (D:8) A gnoll sergeant (D:6) A scorpion (D:7) A wight (D:7) A quasit (D:6) A bullfrog zombie (D:5) A jelly (D:7) Ijyb (D:4) A killer bee zombie (D:7) A hound zombie (D:7) A worker ant zombie (D:8) A hound skeleton (D:7) A river rat (D:8) An adder skeleton (D:6) A worm (D:5) A leopard gecko (D:1) A jackal skeleton (D:5) A leopard gecko skeleton (D:8) 2 ice beasts 2 howler monkeys 2 bullfrog skeletons 2 orc priests (D:5) 2 shadow imps (D:8) 2 bats (D:1) 2 quokka skeletons 3 hippogriffs 3 ogres 3 hounds 3 centaur skeletons 3 adder zombies 4 centaurs 4 killer bees (D:7) 4 worker ants 4 adders 4 white imps 4 ufetubi 4 dart slugs 4 quokkas 4 hobgoblins 5 orc wizards 5 goblins 5 rats 6 bullfrogs 6 frilled lizards 10 giant cockroaches 11 kobolds 18 gnolls 24 orcs
182 creatures vanquished.

Action                   |  1- 3 |  4- 6 |  7- 9 | 10-12 || total
-------------------------+-------+-------+-------+-------++-------
Melee: Dagger            |    81 |    48 |   255 |    27 ||   411
       Rapier            |       |     6 |       |       ||     6
       Spear             |       |     3 |       |       ||     3
Throw: Dart              |       |       |    10 |    13 ||    23
       Stone             |       |       |     2 |     1 ||     3
 Cast: Sandblast         |    40 |    73 |   138 |    60 ||   311
Evoke: Wand              |       |       |     1 |    17 ||    18
  Use: Potion            |       |     2 |       |       ||     2
       Scroll            |       |       |       |     2 ||     2
 Stab: Sleeping          |    12 |     7 |    35 |     3 ||    57
       Distracted        |       |       |     5 |     1 ||     6
  Eat: Ration            |       |       |     2 |       ||     2
Armor: Robe              |     4 |     8 |    19 |       ||    31
       Steam dragon scal |       |       |    13 |     3 ||    16
Dodge: Dodged            |    72 |    93 |   205 |    36 ||   406
